Map: 이터널 엠파이어 - 래더

Players

Bunny - Winner!

  • Race: Terran Terran
  • Spawn Location: 1:00

SortOf

  • Race: Zerg Zerg
  • Spawn Location: 7:00

VOD

Have the link to the VOD?

Description

Time

  • Played on: Jan. 15, 2020, 5:31 a.m.
  • Length: 8:24
Show
View Real Time Build Order
Export as new Build Order

Bunny Terran - Winner!

Build Orders: Liberator Opening, Reaper Expand 

Get SALT Encoding   

  12  0:01  SCV  
  13  0:13  SCV  
  14  0:17  Supply Depot  
  14  0:25  SCV  
  15  0:38  SCV  
  15  0:40  Barracks  
  16  0:43  Refinery  
  16  0:51  SCV  
  17  1:03  SCV  
  18  1:15  SCV  
  19  1:27  Reaper, Orbital Command  
  20  1:39  Command Center  
  20  1:52  Supply Depot  
  20  1:53  SCV  
  21  1:59  Marine  
  22  2:05  SCV  
  23  2:08  Factory  
  23  2:14  Refinery  
  23  2:17  SCV  
  23  2:19  Barracks Reactor  
  24  2:29  SCV  
  25  2:41  SCV  
  26  2:53  SCV, Starport, Orbital Command  
  27  3:03  Hellion x2  
  27  3:04  Marine  
  27  3:05  SCV  
  33  3:15  Liberator  
  33  3:17  SCV  
  33  3:19  SCV  
  35  3:24  Hellion x2  
  35  3:27  Supply Depot  
  39  3:29  SCV  
  39  3:31  SCV  
  44  3:41  SCV  
  44  3:43  SCV  
  50  3:48  Hellion x2  
  50  3:50  Supply Depot  
  50  3:54  SCV  
  50  3:55  SCV  
  52  3:57  Liberator  
  52  3:59  Barracks Tech Lab  
  52  4:06  SCV  
  52  4:07  SCV  
  54  4:11  Hellion x2  
  61  4:20  Supply Depot  
  61  4:22  SCV  
  62  4:28  Command Center  
  62  4:34  Supply Depot  
  62  4:35  Stimpack  
  62  4:38  SCV  
  62  4:39  SCV  
  62  4:44  Marine  
  62  4:50  Factory Reactor  
  62  4:51  SCV x2  
  62  4:52  Barracks  
  64  4:53  Barracks  
  64  4:56  Refinery  
  64  4:59  Refinery  
  64  5:00  Starport Reactor  
  64  5:02  Marine  
  64  5:03  SCV  
  66  5:07  Engineering Bay x2  
  66  5:11  SCV  
  67  5:16  SCV  
  67  5:20  Marine  
  69  5:23  SCV  
  69  5:28  SCV  
  71  5:34  Terran Infantry Weapons Level 1, Terran Infantry Armor Level 1  
  71  5:35  SCV  
  69  5:36  Factory Tech Lab  
  69  5:40  SCV  
  70  5:43  Marine x3  
  70  5:48  Marine  
  70  5:49  Marine  
  70  5:51  Medivac x2  
  70  5:56  SCV x2  
  74  5:57  Orbital Command  
  74  5:59  Siege Tank  
  74  6:01  Marine x3  
  76  6:06  Marine x2  
  76  6:08  SCV x2  
  74  6:14  Combat Shield  
  74  6:18  Marine  
  74  6:19  Marine x2  
  74  6:21  SCV x2  
  74  6:24  Marine x2, Orbital Command  
  81  6:33  Siege Tank  
  81  6:38  SCV x2  
  81  6:39  Barracks, Armory  
  86  6:40  Barracks  
  86  6:46  Supply Depot, Medivac  
  86  6:47  Medivac, Supply Depot  
  90  6:52  SCV x3  
  93  7:00  Supply Depot  
  93  7:07  Marine x5  
  93  7:08  SCV x3  
  101  7:09  Siege Tank  
  101  7:12  Refinery  
  104  7:20  SCV x3  
  104  7:21  Refinery  
  107  7:25  Marine x5, Supply Depot  
  107  7:29  Supply Depot  
  112  7:32  Supply Depot  
  112  7:39  SCV  
  112  7:40  SCV x2  
  112  7:43  Marine  
  116  7:45  Medivac  
  116  7:47  Marine x4, Medivac  
  116  7:49  Barracks Reactor x2  
  123  7:56  Supply Depot  
  123  7:58  Supply Depot  
  123  7:59  Supply Depot, Widow Mine  
  123  8:01  Marine, Factory  
  123  8:03  SCV x3  
Show
View Real Time Build Order
Export as new Build Order

SortOf Zerg 

Build Orders: Hatch First 

Get SALT Encoding   

  12  0:00  Drone  
  13  0:14  Overlord  
  13  0:16  Drone  
  14  0:32  Drone x2  
  16  0:49  Hatchery  
  15  0:51  Drone  
  15  0:55  Drone  
  17  0:58  Drone  
  18  1:10  Extractor  
  17  1:14  Spawning Pool  
  17  1:17  Drone  
  17  1:20  Drone  
  18  1:29  Drone  
  19  1:40  Drone  
  20  1:51  Overlord  
  20  2:01  Queen x2  
  20  2:02  Zergling x4  
  26  2:11  Drone  
  26  2:13  Drone  
  28  2:18  Metabolic Boost  
  28  2:24  Overlord  
  28  2:25  Drone  
  29  2:36  Drone  
  30  2:37  Queen  
  30  2:40  Queen  
  34  2:46  Drone  
  34  2:49  Drone  
  34  2:50  Overlord  
  36  2:54  Drone  
  36  2:58  Drone  
  38  3:12  Hatchery  
  36  3:13  Drone  
  36  3:16  Drone x2  
  36  3:17  Drone  
  40  3:21  Pneumatized Carapace  
  40  3:24  Drone  
  41  3:28  Drone x2  
  43  3:34  Queen  
  43  3:38  Overlord  
  43  3:40  Drone  
  46  3:47  Zergling x6  
  49  3:56  Zergling x2, Drone  
  49  3:57  Zergling x2  
  49  3:58  Drone x2  
  54  4:06  Drone  
  54  4:09  Queen  
  55  4:13  Overlord  
  55  4:15  Overlord  
  57  4:22  Zergling x4  
  59  4:25  Queen  
  59  4:28  Drone x4  
  65  4:37  Drone x3  
  65  4:38  Drone x2  
  70  4:41  Overlord  
  70  4:43  Lair  
  70  4:45  Drone  
  71  4:46  Baneling Nest  
  71  4:47  Drone  
  71  4:59  Drone x3  
  70  5:00  Drone x6  
  70  5:02  Extractor  
  70  5:03  Spore Crawler  
  70  5:05  Drone x2  
  76  5:10  Zergling x6  
  79  5:15  Drone  
  79  5:23  Drone x6  
  79  5:27  Evolution Chamber  
  84  5:29  Evolution Chamber  
  84  5:30  Drone  
  84  5:35  Extractor x2  
  83  5:38  Zergling x16  
  83  5:42  Zergling x2  
  81  5:49  Centrifical Hooks  
  75  5:50  Drone  
  75  5:51  Drone  
  75  5:54  Extractor  
  75  5:55  Drone  
  65  5:58  Drone  
  65  5:59  Zerg Ground Armor Level 1  
  65  6:04  Drone x2  
  64  6:08  Drone  
  64  6:14  Drone x2  
  66  6:20  Drone  
  72  6:25  Drone x5  
  72  6:29  Extractor, Drone x3  
  74  6:34  Zergling x6  
  76  6:43  Zergling x8  
  76  6:46  Drone  
  81  6:50  Queen  
  81  6:51  Queen x2  
  81  6:53  Drone  
  81  6:54  Overlord  
  88  6:55  Zergling x2  
  88  6:56  Overlord x2  
  88  6:58  Baneling  
  88  6:59  Baneling x5  
  89  7:08  Overlord  
  89  7:21  Drone x5  
  94  7:26  Zergling x16, Overseer, Hydralisk Den  
  101  7:32  Hatchery, Overlord  
  101  7:33  Overlord  
  101  7:35  Zergling x6  
  103  7:49  Zergling x14  
  103  7:50  Hatchery  
  108  8:03  Zergling x10  
Tags
 
Add a new tag
Caveats
  • Supply blocks, unpowered buildings, or Contaminate may cause inaccurate times.
  • Supply counts are checked every 10 seconds.